[Event "Paul Keres Memorial Festival 2022"]
[Site "Pärnu, Estonia Resort Hotel & Spa"]
[Date "2022.07.19"]
[Round "3.7"]
[White "Rezniks, Roberts"]
[Black "Õim, Mikk Kaarel"]
[Result "1-0"]
[TimeControl "60 min for 30 moves + 30 min until game end, from first move every move 30 sec time increment"]
[WhiteFideId "11624884"]
[BlackFideId "4514815"]
[WhiteElo "1648"]
[BlackElo "1297"]

1. e4 e5 2. Nf3 Nc6 3. d4 exd4 4. Nxd4 Nf6 5. Nxc6 bxc6 6. e5 Qe7 7. Qe2 Nd5 8. c4 Ba6 9. h4 h6 10.
Rh3 Nb6 11. Nd2 Qe6 12. a4 Bb4 13. b3 O-O 14. a5 Nd5 15. cxd5 Qxh3 16. gxh3 Bxe2 17. Bxe2 cxd5 18. Bb2 Rab8 19.
Bg4 d6 20. exd6 Bxd6 21. O-O-O Bb4 22. a6 Rb6 23. Bf3 c6 24. Be2 Bc5 25. Rg1 f6 26. Rg2 Bd6 27. Kc2 Be5 28. Ba3 Rf7 29.
Bc5 Rb8 30. Bh5 Rc7 31. Nf3 Rd8 32. Rg6 Bd6 33. Bd4 Kh7 34. Bc3 Bc5 35. Rg2 d4 36. Bg6+ Kh8 37. Bd2 Rd5 38. h5 Kg8 39.
Nh4 d3+ 40. Bxd3 Rcd7 41. Bc4 1-0

[Event "Paul Keres Memorial Festival 2022"]
[Site "Pärnu, Estonia Resort Hotel & Spa"]
[Date "2022.07.19"]
[Round "3.8"]
[White "Golubovskis, Maksims"]
[Black "Haapsal, Maria Joanna"]
[Result "1-0"]
[TimeControl "60 min for 30 moves + 30 min until game end, from first move every move 30 sec time increment"]
[WhiteTitle "FM"]
[WhiteFideId "11608528"]
[BlackFideId "4512286"]
[WhiteElo "2219"]
[BlackElo "1375"]

1. e4 c5 2. Nf3 e6 3. d4 cxd4 4.
Nxd4 Nc6 5. Nc3 Nf6 6. Ndb5 d6 7. Bf4 e5 8. Bg5 a6 9. Na3 b5 10. Nd5 Be7 11. Bxf6 Bxf6 12. c3 Bg5 13.
Nc2 O-O 14. a4 bxa4 15. Rxa4 a5 16. Bc4 Rb8 17. b3 Be6 18. O-O Kh8 19. Qe2 g6 20. b4 axb4 21. cxb4 f5 22. exf5 gxf5 23.
f4 Bf6 24. Nxf6 Qxf6 25. b5 Ne7 26. fxe5 dxe5 27. Ra6 Bxc4 28. Qxc4 Rb6 29. Qc7 Nc8 30. Ra8 Qe6 31. Rd1 Qe8 32.
Rd7 Rh6 33. b6 Qh5 34. Qxe5+ 1-0

[Event "Paul Keres Memorial Festival 2022"]
[Site "Pärnu, Estonia Resort Hotel & Spa"]
[Date "2022.07.20"]
[Round "4.1"]
[White "Smirnov, Artem"]
[Black "Kantans, Toms"]
[Result "0-1"]
[TimeControl "60 min for 30 moves + 30 min until game end, from first move every move 30 sec time increment"]
[WhiteTitle "IM"]
[BlackTitle "GM"]
[WhiteFideId "4143256"]
[BlackFideId "11602945"]
[WhiteElo "2419"]
[BlackElo "2486"]

1. d4 Nf6 2. c4 g6 3. h4 c5 4. d5 d6 5. Nc3 Bg7 6. e4 e6 7. Be2 O-O 8. h5 exd5 9. exd5 Re8 10.
h6 Bh8 11. Bg5 a6 12. a4 Nbd7 13. Nf3 Ne5 14. Nxe5 Rxe5 15. Qd2 Qb6 16. O-O Bd7 17. Bf4 Ree8 18. Rfe1 Ne4 19. Nxe4 Rxe4 20.
Bd3 Rxe1+ 21. Rxe1 Bxa4 22. Qe3 Qxb2 23. Bxd6 Bd4 24. Qg3 Re8 25. Rxe8+ Bxe8 26. Bf4 Qc3 27. Bg5 f6 28. Bf4 Qe1+ 29.
Bf1 Bd7 30. d6 Kf7 31. Qh4 a5 32. Bg3 a4 33. Qf4 a3 34. Qf3 a2 35. Qxb7 Qe8 0-1

[Event "Paul Keres Memorial Festival 2022"]
[Site "Pärnu, Estonia Resort Hotel & Spa"]
[Date "2022.07.20"]
[Round "4.2"]
[White "Olde, Margareth"]
[Black "Maiorov, Nikita"]
[Result "0-1"]
[TimeControl "60 min for 30 moves + 30 min until game end, from first move every move 30 sec time increment"]
[WhiteTitle "WIM"]
[BlackTitle "GM"]
[WhiteFideId "4503082"]
[BlackFideId "13501720"]
[WhiteElo "2235"]
[BlackElo "2474"]

1. d4 Nf6 2. c4 e6 3. Nf3 d5 4. g3 Be7 5. Bg2 O-O 6. O-O c5 7. cxd5 exd5 8. Nc3 Nc6 9. Bf4 Bg4 10.
dxc5 Bxc5 11. Ne5 Be6 12. Rc1 Be7 13. Nxc6 bxc6 14. Na4 Rc8 15. Nc5 Bxc5 16. Rxc5 Qb6 17. Qc1 Rfe8 18. Rd1 Bg4 19.
Bf3 Bxf3 20. exf3 h6 21. Be3 Qa6 22. Rc3 Nd7 23. f4 Nf6 24. Ra3 Qe2 25. Re1 Qh5 26. Bxa7 Rxe1+ 27. Qxe1 c5 28.
Re3 Qh3 29. f3 Qf5 30. Qc1 Nd7 31. Re7 d4 32. Qc4 Nf8 33. Re4 h5 34. Kg2 Nh7 35. Re5 Qb1 36. Bxc5 d3 37. Rd5 Qxb2+ 38. Kh3 Qc2 39. Qd4 Nf6 40. Rd8+ Rxd8 41. Qxd8+ Kh7 42. Bb4 Qe2 43. Qc8 Qf1+ 44. Kh4 Qxf3 45. Bc3 Qd5 46. Bd2 Ne4 47.
Qc1 Qf5 48. h3 Qf6+ 49. Kxh5 Qg6+ 0-1

[Event "Paul Keres Memorial Festival 2022"]
[Site "Pärnu, Estonia Resort Hotel & Spa"]
[Date "2022.07.20"]
[Round "4.3"]
[White "Sulskis, Sarunas"]
[Black "Chukavin, Kirill"]
[Result "1-0"]
[TimeControl "60 min for 30 moves + 30 min until game end, from first move every move 30 sec time increment"]
[WhiteTitle "GM"]
[BlackTitle "FM"]
[WhiteFideId "12800112"]
[BlackFideId "4503023"]
[WhiteElo "2481"]
[BlackElo "2418"]

1. e4 c5 2. Nf3 a6 3. c3 d5 4. exd5 Qxd5 5. d4 Nf6 6. Be2 e6 7. O-O Nc6 8. Na3 cxd4 9. cxd4 b5 10.
Nc2 Bb7 11. a4 b4 12. Bf4 Be7 13. Ne3 Qd8 14. a5 Nd5 15. Bg3 Nxe3 16. fxe3 O-O 17. Bd3 g6 18. Ne5 Nxe5 19. Bxe5 Bd6 20.
Bf6 Be7 21. Be5 Bd6 22. Bf6 Be7 23. Bxe7 Qxe7 24. Qg4 Rac8 25. Qf4 Qc7 26. Qxc7 Rxc7 27. Ra4 b3 28. Rb4 Bd5 29. e4 Rb7 30.
Rb6 Rxb6 31. axb6 Bb7 32. Rc1 f5 33. Rc7 Rf7 34. Bc4 Rxc7 35. bxc7 Kf7 36. exf5 gxf5 37. d5 Ke7 38. dxe6 Kd6 39.
Bd5 Bc8 40. Bxb3 a5 41. Kf2 Bb7 42. Ke3 Kxc7 43. Kf4 Kd6 44. Kxf5 Kd5 45. Ke4+ 1-0

[Event "Paul Keres Memorial Festival 2022"]
[Site "Pärnu, Estonia Resort Hotel & Spa"]
[Date "2022.07.20"]
[Round "4.4"]
[White "Golubovskis, Maksims"]
[Black "Andrijashkin, Deniss"]
[Result "0-1"]
[TimeControl "60 min for 30 moves + 30 min until game end, from first move every move 30 sec time increment"]
[WhiteTitle "FM"]
[WhiteFideId "11608528"]
[BlackFideId "4504631"]
[WhiteElo "2219"]
[BlackElo "2006"]

1. e4 e5 2. Nf3 Nc6 3. Bb5 Nge7 4. c3 d6 5. d4 Bd7 6. d5 Nb8 7. Bd3 g6 8. c4 Bg7 9. O-O a5 10.
Nc3 O-O 11. Rb1 h6 12. b3 f5 13. c5 Na6 14. cxd6 cxd6 15. a3 f4 16. Nd2 g5 17. Be2 Nc5 18. Nc4 Rf6 19. a4 Bf8 20.
Ba3 b6 21. Bg4 Be8 22. b4 axb4 23. Rxb4 Ra6 24. Qb1 h5 25. Bd1 Nc8 26. Rb2 Nxa4 27. Nxa4 Bxa4 28. Bxh5 Bd7 29. Rb3 b5 30. Rxb5 Rh6 31.
Bd1 g4 32. Rb3 Qh4 33. h3 gxh3 34. g3 h2+ 35. Kh1 Qf6 36. gxf4 exf4 37. Bb2 Qg5 38. Qc1 Rg6 39. Bf3 Bh3 0-1

[Event "Paul Keres Memorial Festival 2022"]
[Site "Pärnu, Estonia Resort Hotel & Spa"]
[Date "2022.07.20"]
[Round "4.5"]
[White "Medar, Marti"]
[Black "Poltan, Jüri"]
[Result "1-0"]
[TimeControl "60 min for 30 moves + 30 min until game end, from first move every move 30 sec time increment"]
[WhiteFideId "4501870"]
[BlackFideId "4513813"]
[WhiteElo "2066"]
[BlackElo "1613"]

1. d4 d5 2. Bf4 Nf6 3. Nc3 c6 4. f3 Bf5 5. g4 Bg6 6. h4 h5 7. g5 Nfd7 8. e4 dxe4 9. fxe4 e5 10.
dxe5 Bb4 11. Qd4 Qb6 12. Nf3 Nc5 13. a3 Bxc3+ 14. Qxc3 Nxe4 15. Qd4 Qxd4 16. Nxd4 Nc5 17. Bh3 Be4 18.
O-O Bd5 19. Nf5 O-O 20. Ne7+ Kh8 21. Be3 Nba6 22. g6 Rae8 23. Nxd5 cxd5 24. Rxf7 Rg8 25. Rf5 Nb3 1-0

[Event "Paul Keres Memorial Festival 2022"]
[Site "Pärnu, Estonia Resort Hotel & Spa"]
[Date "2022.07.20"]
[Round "4.6"]
[White "Raag, Ardi"]
[Black "Paikens, Reinis"]
[Result "1-0"]
[TimeControl "60 min for 30 moves + 30 min until game end, from first move every move 30 sec time increment"]
[WhiteFideId "4509269"]
[BlackFideId "11624078"]
[WhiteElo "1971"]
[BlackElo "1567"]

1. e4 d5 2. exd5 Nf6 3. d4 Bg4 4. Be2 Bxe2 5. Qxe2 Qxd5 6. Nf3 Nc6 7. O-O O-O-O 8. c3 e6 9. b4 Bd6 10.
b5 Na5 11. Nbd2 c6 12. c4 Qh5 13. Re1 Bc7 14. Rb1 g5 15. Ne4 Nxe4 16. Qxe4 Nxc4 17. bxc6 g4 18. Ne5 Nxe5 19. dxe5 Rd5 20.
Rxb7 Bb6 21. Qe2 Ra5 22. Bd2 Rxa2 23. Qd3 Rd8 24. Rd7 Qh4 25. g3 Qe7 26. Qb1 Qa3 27. Be3 Rxd7 28. cxd7+ Kxd7 29.
Bxb6 axb6 30. Qxb6 Qd3 31. Rc1 Rc2 32. Qb7+ Kd8 33. Ra1 Rc7 34. Qb4 Qf3 35. Qf8+ Kd7 36. Qd6+ Kc8 37. Rb1 Qd5 38.
Qf8+ Kd7 39. Qxf7+ Kc8 40. Qe8+ Qd8 41. Rb8+ 1-0

[Event "Paul Keres Memorial Festival 2022"]
[Site "Pärnu, Estonia Resort Hotel & Spa"]
[Date "2022.07.20"]
[Round "4.7"]
[White "Rondo, Mikko"]
[Black "Olde, Grete"]
[Result "1-0"]
[TimeControl "60 min for 30 moves + 30 min until game end, from first move every move 30 sec time increment"]
[BlackTitle "WCM"]
[WhiteFideId "4509633"]
[BlackFideId "4503104"]
[WhiteElo "1579"]
[BlackElo "1904"]

1. c3 d5 2. d4 Nf6 3. g3 e6 4. Bg2 Be7 5. Nf3 O-O 6. O-O b6 7. Ne5 Bb7 8. Bg5 c5 9. Nd2 Nc6 10.
Nxc6 Bxc6 11. Re1 cxd4 12. cxd4 Rc8 13. a3 Ne4 14. Bxe7 Qxe7 15. Nxe4 dxe4 16. e3 Rfd8 17. Qg4 f5 18.
Qe2 e5 19. dxe5 Qxe5 20. Red1 Bb5 21. Rxd8+ Rxd8 22. Qc2 Qd5 23. Bf1 Bxf1 24. Rxf1 g5 25. Qc3 Kf7 26. Rc1 Rd7 27. h3 Qe6 28.
Kg2 Qd5 29. Kg1 Qd6 30. Qh8 Kg6 31. Qe8+ Kg7 32. Kg2 Re7 33. Qb5 Re5 34. Qa4 f4 35. gxf4 gxf4 36. exf4 Re7 37. Rc3 Qxf4 38.
Qd4+ Qf6 39. Rg3+ Kf7 40. Qd8 Re5 41. Qg8+ Ke7 42. Qxh7+ Kd6 43. Qxa7 Kc5 44. Qc7+ Kd4 45. b3 Kd5 46.
Qd7+ Qd6 47. Qxd6+ Kxd6 48. h4 Rd5 49. Rg6+ Kc7 50. Rg4 Re5 51. Rg5 Re6 52. h5 e3 53. fxe3 Rxe3 54. h6 Re6 55.
Rh5 1-0

[Event "Paul Keres Memorial Festival 2022"]
[Site "Pärnu, Estonia Resort Hotel & Spa"]
[Date "2022.07.20"]
[Round "4.8"]
[White "Olde, Karl Erik"]
[Black "Sepandi, Jaak"]
[Result "1-0"]
[TimeControl "60 min for 30 moves + 30 min until game end, from first move every move 30 sec time increment"]
[WhiteFideId "4505760"]
[BlackFideId "4504348"]
[WhiteElo "1842"]
[BlackElo "1507"]

1. d4 e6 2. c4 Bb4+ 3. Bd2 Bxd2+ 4. Nxd2 d5 5. Ngf3 Nf6 6. Qc2 Nc6 7. Rd1 Bd7 8. a3 a5 9. g3 O-O 10.
Bg2 Ne7 11. Ne5 c6 12. O-O Rc8 13. c5 Ne8 14. b4 axb4 15. axb4 f6 16. Nd3 Nc7 17. Ra1 Ra8 18. Nb3 Nb5 19.
Rxa8 Qxa8 20. Ra1 Qb8 21. Bh3 Qc7 22. e3 Ng6 23. Nf4 Nxf4 24. exf4 Re8 25. Qb2 Qb8 26. Nc1 Re7 27. Ra2 Be8 28.
Qa1 Nc7 29. Nd3 Bg6 30. Nb2 Kf7 31. Na4 Bd3 32. Bf1 Bxf1 33. Kxf1 Re8 34. Nc3 e5 35. fxe5 fxe5 36. Rd2 e4 37.
Qb1 Qc8 38. b5 Re7 39. bxc6 bxc6 40. Kg1 Ne6 41. h4 Rb7 42. Qd1 g6 43. Na4 Rb4 44. Nb6 Qa6 45. Nd7 Kg7 46. Ne5 Qb7 47.
Kg2 Qb5 48. Qg4 Nxd4 49. Qd7+ Kg8 50. Qf7+ 1-0

[Event "Paul Keres Memorial Festival 2022"]
[Site "Pärnu, Estonia Resort Hotel & Spa"]
[Date "2022.07.20"]
[Round "5.1"]
[White "Kantans, Toms"]
[Black "Maiorov, Nikita"]
[Result "1-0"]
[TimeControl "60 min for 30 moves + 30 min until game end, from first move every move 30 sec time increment"]
[WhiteTitle "GM"]
[BlackTitle "GM"]
[WhiteFideId "11602945"]
[BlackFideId "13501720"]
[WhiteElo "2486"]
[BlackElo "2474"]

1. e4 e5 2. Nf3 Nc6 3. d4 exd4 4. Nxd4 Nf6 5. Nxc6 bxc6 6. e5 Qe7 7. Qe2 Nd5 8. h4 Qe6 9. g3 d6 10.
c4 Nb6 11. Bf4 dxe5 12. Qxe5 Bd6 13. Qxe6+ Bxe6 14. Bxd6 cxd6 15. Nd2 d5 16. Bg2 O-O 17. cxd5 cxd5 18. Nf3 Rfc8 19. b3 a5 20.
Nd4 a4 21. Kd2 Kf8 22. Rhe1 Bd7 23. Bf3 Rc7 24. Rac1 Rxc1 25. Rxc1 axb3 26. axb3 Ra7 27. Ke3 Ke8 28. g4 Rb7 29.
g5 Ke7 30. Be2 Kd6 31. Bd3 Rb8 32. h5 h6 33. gxh6 gxh6 34. Rg1 Re8+ 35. Kf4 Re5 36. Rg7 Rxh5 37. Rxf7 Rh4+ 38. Ke3 Kc5 39.
Nf3 d4+ 40. Kd2 Rh5 41. Rf4 Rd5 42. Rf6 Nc8 43. Rxh6 Bg4 44. Be4 Rd6 45. Rh2 Bxf3 46. Bxf3 Kb4 47. Bd1 Nb6 48. Rh8 Rf6 49.
f3 Nd5 50. Rd8 Kc5 51. Be2 Nb4 52. Rc8+ Rc6 53. Rb8 Rb6 54. Rc8+ Rc6 55. Rb8 Rb6 56. Rxb6 Kxb6 57. Bc4 Kc5 58.
f4 Kd6 59. Ke2 Kc5 60. Bg8 Nc2 61. f5 Nb4 62. f6 Kd6 63. Bc4 Kd7 64. Kf3 Kd6 65. Ke4 Nc6 66. f7 Ke7 67. Bd5 1-0

[Event "Paul Keres Memorial Festival 2022"]
[Site "Pärnu, Estonia Resort Hotel & Spa"]
[Date "2022.07.20"]
[Round "5.2"]
[White "Smirnov, Artem"]
[Black "Sulskis, Sarunas"]
[Result "1/2-1/2"]
[TimeControl "60 min for 30 moves + 30 min until game end, from first move every move 30 sec time increment"]
[WhiteTitle "IM"]
[BlackTitle "GM"]
[WhiteFideId "4143256"]
[BlackFideId "12800112"]
[WhiteElo "2419"]
[BlackElo "2481"]

1. d4 Nf6 2. c4 e6 3. Nc3 Bb4 4. e3 O-O 5. Bd3 c5 6. Nge2 d5 7. cxd5 cxd4 8.
exd4 Nxd5 9. O-O Nc6 10. Nxd5 exd5 11. Nf4 Bd6 12. Re1 Bxf4 13. Bxf4 Qf6 14. Qh5 h6 15. Be5 Nxe5 16. Qxe5 Qxe5 17.
Rxe5 Be6 18. f4 Rfd8 19. Rd1 Rd6 20. Rc1 Rc6 21. Rc5 Rxc5 22. dxc5 Rd8 23. f5 Bc8 24. b4 Kf8 25. Kf2 f6 26.
Re1 d4 27. g4 Bd7 28. b5 a6 29. a4 axb5 30. axb5 Ra8 31. Rb1 Ke7 32. Kf3 Ra4 33. Be4 Ra5 34. b6 Rxc5 35. Bxb7 Rb5 36.
Rxb5 Bxb5 37. Ke4 Kd6 38. Kxd4 Be2 39. h3 Bf1 40. h4 Be2 41. Be4 Bxg4 42. b7 Kc7 43. Kd5 Kxb7 44. Ke6+ Kc7 45.
Bc2 h5 46. Kf7 Bxf5 47. Bxf5 g5 48. Kxf6 gxh4 49. Kg5 h3 1/2-1/2

[Event "Paul Keres Memorial Festival 2022"]
[Site "Pärnu, Estonia Resort Hotel & Spa"]
[Date "2022.07.20"]
[Round "5.3"]
[White "Andrijashkin, Deniss"]
[Black "Olde, Margareth"]
[Result "0-1"]
[TimeControl "60 min for 30 moves + 30 min until game end, from first move every move 30 sec time increment"]
[BlackTitle "WIM"]
[WhiteFideId "4504631"]
[BlackFideId "4503082"]
[WhiteElo "2006"]
[BlackElo "2235"]

1. e4 e5 2. Nc3 Nf6 3. g3 d5 4. exd5 Nxd5 5. Bg2 Nxc3 6. bxc3 Bd6 7. Ne2 O-O 8. O-O Nc6 9. d3 Bg4 10.
h3 Bh5 11. g4 Bg6 12. f4 exf4 13. Nxf4 Rb8 14.
Be3 a5 15. Qd2 Ne5 16. Rab1 c6 17. c4 Re8 18. Qf2 Qd7 19. c5 Bc7 20. Bd2 f6 21. Nxg6 Nxg6 22. Be4 Qe6 23. a4 Qa2 24.
Be3 Be5 25. h4 Qe6 26. Bf5 Bh2+ 27. Kxh2 Qxe3 28. Bxg6 Qe5+ 29. Qg3 hxg6 30. Rfe1 Qxc5 31. Rxb7 Qxc2+ 32. Kh3 Rbd8 33. Rd7 Rxd7 34.
Rxe8+ Kf7 35. Re3 Qc5 36. Qf4 Qd4 37. Qg3 Qd6 38. Qf3 Qd5 39. Qf4 Rb7 40. Kg3 Kg8 41. Qe4 Qxe4 42. Rxe4 Rd7 43.
d4 Kf7 44. Kf3 Rb7 45. Re3 Rb4 46. Ke4 c5 47. Kd5 Rxd4+ 48. Kxc5 Rxa4 49. Rg3 f5 50. gxf5 gxf5 51. h5 Rg4 52.
Rh3 Ke6 53. h6 gxh6 54. Rxh6+ Ke5 55. Rh8 Ra4 56. Re8 Kf4 57. Kd5 Ra1 58. Ra8 a4 59. Ke6 Ke4 60. Kf6 f4 61. Kg5 f3 62.
Re8+ Kd3 63. Rd8+ Ke2 64. Re8+ Kf1 65. Kf4 f2 66. Kg3 Ra3+ 67. Kh2 Rd3 0-1

[Event "Paul Keres Memorial Festival 2022"]
[Site "Pärnu, Estonia Resort Hotel & Spa"]
[Date "2022.07.20"]
[Round "5.4"]
[White "Chukavin, Kirill"]
[Black "Hannson, Markus"]
[Result "1/2-1/2"]
[TimeControl "60 min for 30 moves + 30 min until game end, from first move every move 30 sec time increment"]
[WhiteTitle "FM"]
[WhiteFideId "4503023"]
[BlackFideId "4505620"]
[WhiteElo "2418"]
[BlackElo "1745"]

1. e4 e6 2. d4 d5 3. Bd3 c5 4. exd5 exd5 5. Nf3 c4 6. Be2 Nf6 7. O-O Bd6 8. b3 cxb3 9. axb3 O-O 10.
c4 h6 11. Nc3 dxc4 12. bxc4 Nc6 13. Nb5 Bb8 14. Bb2 Re8 15. d5 Nb4 16. Re1 Bf5 17. Nbd4 Bg6 18. Qb3 a5 19. Bf1 Ne4 20.
g3 Bd6 21. Nh4 Bh7 22. Qf3 Nd2 23. Rxe8+ Qxe8 24. Qg4 Qe4 25. Qxe4 Bxe4 26. Nb5 Bc5 27. Be2 g5 28. Ng2 Bxg2 29.
Kxg2 Ne4 30. f4 Nc2 31. Rc1 Ne3+ 1/2-1/2

[Event "Paul Keres Memorial Festival 2022"]
[Site "Pärnu, Estonia Resort Hotel & Spa"]
[Date "2022.07.20"]
[Round "5.5"]
[White "Protassov, Vlad"]
[Black "Medar, Marti"]
[Result "1-0"]
[TimeControl "60 min for 30 moves + 30 min until game end, from first move every move 30 sec time increment"]
[WhiteFideId "4507010"]
[BlackFideId "4501870"]
[WhiteElo "1824"]
[BlackElo "2066"]

1. d4 d6 2. Nf3 Nd7 3. c4 e5 4. Nc3 Ngf6 5. g3 c6 6. e4 Qc7 7. Bg2 Be7 8. O-O h6 9. Re1 g5 10. a3 a5 11.
Rb1 Nf8 12. b4 Ng6 13. Be3 g4 14. Nd2 h5 15. d5 h4 16. Na4 axb4 17. axb4 Nh7 18. c5 cxd5 19. Nb6 d4 20. Nxa8 Qb8 21. cxd6 dxe3 22. Nc7+ Kf8 23.
dxe7+ Nxe7 24. Rc1 exd2 25. Qxd2 Kg7 26. Qd6 Nc6 27. Rxc6 Qa7 28. Qh6+ Kg8 29. Ne8 1-0

[Event "Paul Keres Memorial Festival 2022"]
[Site "Pärnu, Estonia Resort Hotel & Spa"]
[Date "2022.07.20"]
[Round "5.6"]
[White "Rezniks, Roberts"]
[Black "Raag, Ardi"]
[Result "0-1"]
[TimeControl "60 min for 30 moves + 30 min until game end, from first move every move 30 sec time increment"]
[WhiteFideId "11624884"]
[BlackFideId "4509269"]
[WhiteElo "1648"]
[BlackElo "1971"]

1. e4 e6 2. d4 d5 3. Nc3 Nf6 4. e5 Nfd7 5. f4 c5 6. Nf3 Nc6 7. Be2 cxd4 8. Nxd4 Ndxe5 9. Nxe6 fxe6 10.
fxe5 Bc5 11. Bf4 O-O 12. Qd2 Qb6 13. Na4 Bf2+ 14. Kd1 Qd4 15. Qxd4 Bxd4 16. g3 Bxe5 17. Bxe5 Nxe5 18. Re1 b6 19.
Nc3 Nf3 20. Bxf3 Rxf3 21. Nb5 Bd7 22. Nd4 Rf6 23. h4 Re8 24. Kd2 e5 25. Ne2 Rf2 26. Rf1 Ref8 27. Rxf2 Rxf2 28. Ke3 Rh2 29.
c3 Bg4 30. Re1 Rxe2+ 31. Rxe2 Bxe2 32. Kxe2 h5 0-1

[Event "Paul Keres Memorial Festival 2022"]
[Site "Pärnu, Estonia Resort Hotel & Spa"]
[Date "2022.07.20"]
[Round "5.7"]
[White "Rondo, Mikko"]
[Black "Olde, Karl Erik"]
[Result "0-1"]
[TimeControl "60 min for 30 moves + 30 min until game end, from first move every move 30 sec time increment"]
[WhiteFideId "4509633"]
[BlackFideId "4505760"]
[WhiteElo "1579"]
[BlackElo "1842"]

1. g3 d5 2. Bg2 Nf6 3. Nf3 e6 4. O-O Be7 5. d3 O-O 6.
Nbd2 c5 7. e4 Nc6 8. Re1 Qc7 9. c3 dxe4 10. dxe4 e5 11. Qc2 h6 12. Nc4 Be6 13. Ne3 Rfd8 14. Bf1 a6 15. Bc4 Bxc4 16.
Nxc4 b5 17. Ne3 c4 18. a4 Na5 19. axb5 axb5 20. Nd5 Nxd5 21. exd5 Rxd5 22. Qe4 Rad8 23. Nxe5 Nb3 24. Bf4 Bg5 25.
Ra8 Qc5 26. Rxd8+ Rxd8 27. Qb7 Qd5 28. Nc6 Rd7 29. Qc8+ Kh7 30. Nb4 Qf5 31. Bxg5 hxg5 32. Nc6 g6 33. Nd4 Nxd4 34. cxd4 Re7 0-1

[Event "Paul Keres Memorial Festival 2022"]
[Site "Pärnu, Estonia Resort Hotel & Spa"]
[Date "2022.07.20"]
[Round "5.8"]
[White "Agrest, Simon"]
[Black "Valdats, Reinis"]
[Result "1/2-1/2"]
[TimeControl "60 min for 30 moves + 30 min until game end, from first move every move 30 sec time increment"]
[BlackFideId "11617578"]
[WhiteElo "1802"]
[BlackElo "1514"]

1. e4 c5 2. Nc3 e6 3. g3 Nc6 4. Bg2 d6 5. d3 Nf6 6. f4 Be7 7. Nf3 a6 8. O-O O-O 9. h3 d5 10.
e5 Nd7 11. g4 f6 12. exf6 Bxf6 13. g5 Bd4+ 14. Kh1 Bxc3 15. bxc3 Ne7 16. Qe2 Nb6 17. Nh4 Qc7 18. Bd2 Bd7 19.
Rae1 Nbc8 20. c4 dxc4 21. dxc4 Nd6 22. Qe5 Rac8 23. Bc3 Rf7 24. Rb1 Nxc4 25. Qxc7 Rxc7 26. Rxb7 Rxb7 27. Bxb7 Bb5 28.
a4 Bxa4 29. Bxa6 Ne3 30. Rf2 N7d5 31. Be5 Bxc2 32. Bc8 Be4+ 33. Kh2 Nf5 34. Bxe6 Nxh4 35. Ra2 Ne7 36. Rb2 Nhg6 37. Rb8+ Nf8 38.
Bd6 Bd5 39. Bxf7+ Kxf7 40. Bxc5 Nd7 41. Rb5 Bc6 42. Ra5 Nxc5 43. Rxc5 Bd7 44. Ra5 Be6 45. Ra7 Ke8 1/2-1/2

[Event "Paul Keres Memorial Festival 2022"]
[Site "Pärnu, Estonia Resort Hotel & Spa"]
[Date "2022.07.21"]
[Round "6.1"]
[White "Raag, Ardi"]
[Black "Kantans, Toms"]
[Result "0-1"]
[TimeControl "60 min for 30 moves + 30 min until game end, from first move every move 30 sec time increment"]
[BlackTitle "GM"]
[WhiteFideId "4509269"]
[BlackFideId "11602945"]
[WhiteElo "1971"]
[BlackElo "2486"]

1. e4 c5 2. c3 Nf6 3. e5 Nd5 4. Nf3 Nc6 5. d4 cxd4 6. cxd4 d6 7. Bc4 dxe5 8. Nxe5 e6 9. O-O Be7 10.
Nf3 O-O 11. Nc3 Nxc3 12. bxc3 b6 13. Bd3 Bb7 14. Qe2 Rc8 15. Bd2 Bf6 16. Rfd1 Qd5 17. c4 Qh5 18. Rac1 Rfd8 19. Bc3 Ne7 20.
Ne5 Qxe2 21. Bxe2 Nf5 22. Bb2 Bg5 23. Rc2 f6 24. Nf3 Bh6 25. g4 Ne7 26. Bc1 Bxc1 27. Rcxc1 Ng6 28. Ne1 Nf4 29.
Bf1 Rc7 30. Rc2 Kf8 31. Rcd2 Rcd7 32. h3 Bc6 33. Nc2 Ba4 34. Kh2 g5 35. Bg2 Bxc2 36. Rxc2 Rxd4 37. Rxd4 Rxd4 38. c5 bxc5 39.
Rxc5 Rd2 40. Rc8+ Ke7 41. Kg3 h5 42. h4 Rxa2 43. hxg5 fxg5 44. gxh5 Nxh5+ 45. Kf3 Nf6 46. Rc7+ Kd6 47.
Rg7 g4+ 48. Ke3 Ra3+ 49. Ke2 Ke5 50. Rb7 a5 51. Rb5+ Nd5 52. Bxd5 exd5 53. Rb8 Ra2+ 54. Ke1 Ra4 55. Rg8 Rb4 0-1

[Event "Paul Keres Memorial Festival 2022"]
[Site "Pärnu, Estonia Resort Hotel & Spa"]
[Date "2022.07.21"]
[Round "6.2"]
[White "Sulskis, Sarunas"]
[Black "Olde, Margareth"]
[Result "1/2-1/2"]
[TimeControl "60 min for 30 moves + 30 min until game end, from first move every move 30 sec time increment"]
[WhiteTitle "GM"]
[BlackTitle "WIM"]
[WhiteFideId "12800112"]
[BlackFideId "4503082"]
[WhiteElo "2481"]
[BlackElo "2235"]

1. e4 e5 2. Nf3 Nc6 3. Bc4 Bc5 4. c3 Nf6 5. d4 exd4 6. b4 Be7 7. e5 Ne4 8. Qb3 O-O 9. cxd4 Bxb4+ 10. Kf1 d5 11. Bb5 Be7 12. Nc3 Nxc3 13. Qxc3 Bd7 14. Rb1 a5 15. h4 Nb4 16. Bxd7 Qxd7 17. a3 Qf5 18. Qb2 Na6 19.
Ra1 Rab8 20. Bd2 c5 21. Kg1 b5 22. Bxa5 c4 23. Rh3 b4 24. axb4 Nxb4 25. Bxb4 Rxb4 26. Qc1 Rfb8 27. Nd2 Qf4 28.
Qc3 Rb2 29. Re3 R8b3 30. Ra8+ Bf8 31. Qa5 Rb8 32. Rxb8 Rxb8 33. Qa7 c3 34. Rxc3 Qxd2 35. Rf3 Qc1+ 36. Kh2 Qc8 37. Qxf7+ Kh8 38.
Qxd5 Qg4 39. g3 h6 40. Rf4 Qg6 41. Qd7 Qe8 42. Qxe8 Rxe8 43. d5 Rd8 44. h5 Bc5 45. d6 Bxd6 46.
exd6 Rxd6 47. Rf8+ Kh7 48. Kh3 Rd4 49. g4 Ra4 50. Kg3 Ra3+ 51. f3 Rb3 52. Re8 Ra3 53. Kf4 Ra5 54. Ke4 Ra4+ 55.
Kf5 Ra5+ 56. Re5 Ra6 57. f4 Rf6+ 58. Ke4 Ra6 59. Rd5 Rb6 60. Ke5 Ra6 61. f5 Ra4 62. Rd4 Ra6 63. Rd6 Ra5+ 64.
Ke6 Ra4 65. f6 gxf6 66. Kf5 Kg7 67. Rd7+ Kg8 68. Re7 Ra5+ 69. Kxf6 Rg5 70. Re4 Kh7 71. Rf4 Kg8 72. Ke7 Re5+ 73.
Kd6 Rg5 74. Ke6 Kg7 75. Ra4 Kg8 76. Kf6 Kh7 77. Kf7 Rg7+ 78. Ke6 Rg5 79. Kf6 Kg8 1/2-1/2

[Event "Paul Keres Memorial Festival 2022"]
[Site "Pärnu, Estonia Resort Hotel & Spa"]
[Date "2022.07.21"]
[Round "6.3"]
[White "Maiorov, Nikita"]
[Black "Protassov, Vlad"]
[Result "1-0"]
[TimeControl "60 min for 30 moves + 30 min until game end, from first move every move 30 sec time increment"]
[WhiteTitle "GM"]
[WhiteFideId "13501720"]
[BlackFideId "4507010"]
[WhiteElo "2474"]
[BlackElo "1824"]

1. d4 d5 2. c4 e6 3. Nc3 Nf6 4. cxd5 exd5 5. Bg5 c6 6. Qc2 Be7 7. e3 Nbd7 8. Bd3 h6 9. Bh4 Nh5 10.
Bxe7 Qxe7 11. O-O-O Nb6 12. h3 Nf6 13. Nf3 Be6 14. Kb1 O-O-O 15. Nd2 Kb8 16. Nb3 Rhe8 17. Nc5 Nfd7 18. Nb3 Rc8 19.
f3 c5 20. dxc5 Nxc5 21. Nxc5 Qxc5 22. Bb5 Red8 23. Rd4 a6 24. Be2 Nc4 25. Bxc4 dxc4 26. Qf2 Bf5+ 27. Kc1 Rxd4 28. exd4 Qd6 29.
Qe3 Rd8 30. d5 Bd3 31. f4 Rd7 32. Re1 b5 33. a3 Kb7 34. g3 Qb6 35. Qe8 Rc7 36. Re7 Qf2 37. Qc6+ 1-0